Unix NetHack Version 3.7.0-62 Work-in-progress - last build Jul 28 2022 13:16:13 (fa1900a510e1234d4e439e3ee6f0a2b6b261bf5e,branch:master). Game began 2022-08-01 20:41:49, ended 2022-08-01 21:42:52. Moult, chaotic male elven Ranger | |. |. |.- ----- -.. ..*..-- ... -- .........| ..---G-------- ..........G---- -............................- |.........................| |.@......................- |........................- |..........%.0--- .....| --G........-- | |..*..>---- -.....-- .--..| --- --- Moult the Tenderfoot St:15 Dx:10 Co:15 In:14 Wi:14 Ch:7 Chaotic S:136 Dlvl:3 $:20 HP:0(14) Pw:3(3) AC:6 Xp:1/4 T:614 Latest messages: You descend the stairs. Pick an object. What do you want to ready? [- $cdl or ?*] d d - 32 +0 elven arrows (in quiver). b - a +1 elven bow (weapon in hand). a - a blessed +1 elven dagger (alternate weapon; not wielded). In what direction? j You shoot 3 elven arrows. The 1st elven arrow hits the yellow mold! You kill the yellow mold! You see here 13 gold pieces. You see here 2 +0 elven arrows. d - 2 +0 elven arrows (in quiver) (31 in total). You see here 13 gold pieces. $ - 13 gold pieces (20 in total). You climb up the stairs. That door is closed. The door opens. You hear water falling on coins. You hear the footsteps of a guard on patrol. You swap places with Sirius. This door is locked. This door is locked. You swap places with Sirius. In what direction? u Thwack!! In what direction? u As you kick the door, it crashes open! You see here a large box. Hmmm, the large box turns out to be locked. You can't go down here. You see no objects here. You stop. Sirius is in the way! You descend the stairs. There is a branch staircase up to the Dungeons of Doom here. You see here an impossible burger. The gnome wields a crossbow! You hear crashing rock. There is a branch staircase up to the Dungeons of Doom here. You see here an impossible burger. You hear crashing rock. The gnome shoots 2 crossbow bolts! You are hit by the 1st crossbow bolt! You are hit by the 2nd crossbow bolt! You die... Do you want your possessions identified? y Do you want to see your attributes? y Do you want an account of creatures vanquished? y Do you want to see your conduct and achievements? y Do you want to see the dungeon overview? y Major events: Turn 1: Moult the chaotic male elven Ranger entered the dungeon 610: entered the Gnomish Mines 614: killed by a crossbow bolt Inventory: Weapons c - 53 +2 elven arrows d - 31 +0 elven arrows (in quiver) b - a +1 elven bow (weapon in hand) a - a blessed +1 elven dagger (alternate weapon; not wielded) l - 2 +0 orcish daggers Armor m - an uncursed +0 orcish helm (being worn) e - an uncursed +2 elven cloak (being worn) Comestibles i - an uncursed banana h - an uncursed food ration f - 5 uncursed lembas wafers g - an uncursed lembas wafer j - 2 uncursed tripe rations Scrolls k - an uncursed scroll of create monster Moult the Ranger's attributes: Background: You were a Tenderfoot, a level 1 male elven Ranger. You were chaotic, on a mission for Mars who was opposed by Mercury (lawful) and Venus (neutral). You were in the Gnomish Mines, on level 3. You entered the dungeon 614 turns ago. You had 4 experience points, 16 more were needed to attain level 2. Your score was 136 before end-of-game adjustments. Basics: You had 0 out of 14 hit points. You had all 3 energy points (spell power). Your armor class was 6. Your wallet contained 20 zorkmids. Autopickup was off. Final Characteristics: Your strength was 15 (limit:18). Your dexterity was 10 (limit:18). Your constitution was 15 (limit:16). Your intelligence was 14 (limit:20). Your wisdom was 14 (limit:20). Your charisma was 7 (limit:18). Final Status: You were not hungry. You were unencumbered. You were wielding a bow. You had basic skill with bow. Final Attributes: You were fervently aligned. You had automatic searching. You had infravision. You were stealthy. You were warded. You are dead. Miscellaneous: You never encountered a bones level. Total elapsed playing time was 59 minutes and 5 seconds. Vanquished creatures: a yellow mold a jackal 2 goblins a sewer rat 2 grid bugs a kobold zombie 3 newts 11 creatures vanquished. No species were genocided or became extinct. Voluntary challenges: You were an atheist. You were illiterate. You never engraved Elbereth. You never genocided any monsters. You never polymorphed an object. You never changed form. You used no wishes. Achievement: You entered the Gnomish Mines. The Dungeons of Doom: levels 1 to 3 Level 1: Many fountains, a sink. Level 2: "vault" Stairs down to The Gnomish Mines. Level 3: The Gnomish Mines: Level 3: <- You were here. Final resting place for you, killed by a crossbow bolt. Game over: ---------- / \ / REST \ / IN \ / PEACE \ / \ | Moult | | 20 Au | | killed by a | | crossbow bolt | | | | | | 2022 | *| * * * | * _________)/\\_//(\/(/\)/\//\/|_)_______ Goodbye Moult the Ranger... You died in The Gnomish Mines on dungeon level 3 with 134 points, and 20 pieces of gold, after 614 moves. You were level 1 with a maximum of 14 hit points when you died.